 Dungeon Sprint DCSS version 0.26-a0-652-gafc20e3620 (webtiles) character file.

Game seed: 11450835146937486919

1733 mhtbhm the Cleaver (level 8, -3/129 HPs)
             Began as a Minotaur Berserker on Oct 1, 2020.
             Was a High Priest of Trog.
             Slain by a warg (7 damage)
             ... in the Dungeon (Sprint VII: "The Pits").
             The game lasted 00:02:12 (971 turns).

mhtbhm the Cleaver (Minotaur Berserker)              Turns: 971, Time: 00:02:15

Health: -3/129     AC: 13    Str: 23    XL:     8   Next: 76%
Magic:  7/7        EV: 12    Int:  4    God:    Trog [*****.]
Gold:   0          SH:  0    Dex: 11    Spells: 7/7 levels left

rFire    . . .     SeeInvis .   a - +1 broad axe (flame)
rCold    . . .     Faith    .   (no shield)
rNeg     . . .     Spirit   .   b - +4 chain mail
rPois    .         Reflect  .   (helmet restricted)
rElec    .         Harm     .   l - +0 cloak
rCorr    .         Rampage  .   (no gloves)
MR       .....     NoTele   +   (no boots)
Stlth    ..........             (no amulet)
HPRegen  0.31/turn              (no ring)
MPRegen  0.10/turn              (no ring)

@: berserking, very quick
A: retaliatory headbutt, horns 2, deformed body, evolution 1
a: Berserk, Trog's Hand, Brothers in Arms, Renounce Religion


You were in the Dungeon.
You worshipped Trog.
Trog was extremely pleased with you.
You visited 1 branch

Inventory:

Hand Weapons
 a - a +1 broad axe of flaming (weapon)
Armour
 b - a +4 chain mail (worn)
 l - a +0 cloak (worn)
Jewellery
 m - a +3 ring of strength
 n - a +3 ring of protection
Scrolls
 h - a scroll of blinking
 j - 3 scrolls of remove curse
 k - a scroll of summoning
Potions
 c - 6 potions of curing
 d - 11 potions of heal wounds
 e - 2 potions of haste
 f - 4 potions of magic
 g - 3 potions of berserk rage
 i - 2 potions of invisibility


   Skills:
 + Level 13.1 Fighting
 + Level 14.5 Axes
 + Level 10.2 Armour
 + Level 7.7 Dodging
 + Level 0.7 Stealth


You had 7 spell levels left.
You didn't know any spells.
Your spell library was empty.

Dungeon Overview and Level Annotations

Branches:
Dungeon (1/1)

Altars:


Innate Abilities, Weirdness & Mutations

You reflexively headbutt those who attack you in melee.
You have a pair of horns on your head.
Armour fits poorly on your strangely shaped body.
You evolve.


Message History

* * * LOW HITPOINT WARNING * * *
The warg bites you but does no damage.
Unknown command.
You slash the cyclops! You burn the cyclops.
You kill the cyclops!
Trog accepts your kill.
Your Fighting skill increases to level 13!
Your Armour skill increases to level 10!
You closely miss the air elemental. You hit the warg. You burn the warg.
You are engulfed in raging winds.
The air elemental hits you but does no damage.
Unknown command.
You completely miss the air elemental.
The air elemental is heavily damaged.
You closely miss the warg.
You are engulfed in raging winds.
You float gracefully downwards.
The air elemental hits you but does no damage.
The warg pauses to sniff the ground.
The warg bites you!
You die...

#..# #..# #..#
###### #..# .##..#
#..# .##..# #..#
.''..# #(h#
.''..##########E@#
.##..)).......§.§#
.##..............#
##################


You could see an air elemental and a warg.

Vanquished Creatures
  An orc sorcerer (D)
  A cyclops (D)
  A manticore (D)
  A jumping spider (D)
  Sigmund (D)
  A spriggan (D)
  A soldier ant (D)
  Crazy Yiuf (D)
  Ijyb (D)
  A worker ant (D)
  A mummy (D)
  A gnoll (D)
  A white imp (D)
  An ooze (D)
  A leopard gecko (D)
  An orc (D)
  A ball python (D)
  4 giant cockroaches (D)
  A hobgoblin (D)
  A goblin (D)
  A leopard gecko skeleton (D)
  A quokka skeleton (D)
  A rat (D)
26 creatures vanquished.

Notes
Turn   | Place    | Note
-------+----------+-------------------------------------------
     0 | D        | mhtbhm the Minotaur Berserker began the quest for the Orb.
     0 | D        | Reached XP level 1. HP: 19/19 MP: 0/0
    13 | D        | Reached skill level 4 in Axes
    77 | D        | Reached ** piety under Trog
    82 | D        | Noticed a worker ant
    89 | D        | Killed a worker ant
    89 | D        | Reached skill level 5 in Fighting
    89 | D        | Reached skill level 5 in Axes
    89 | D        | Reached XP level 2. HP: 22/30 MP: 1/1
    89 | D        | Reached XP level 3. HP: 27/37 MP: 2/2
   295 | D        | Reached skill level 6 in Axes
   296 | D        | Reached *** piety under Trog
   371 | D        | Noticed Ijyb
   371 | D        | Noticed Crazy Yiuf
   377 | D        | Reached **** piety under Trog
   380 | D        | Killed Ijyb
   380 | D        | Reached skill level 7 in Axes
   380 | D        | Reached XP level 4. HP: 45/45 MP: 3/3
   382 | D        | Killed Crazy Yiuf
   433 | D        | Reached skill level 8 in Axes
   547 | D        | Noticed a jumping spider
   570 | D        | Killed a jumping spider
   570 | D        | Reached ***** piety under Trog
   570 | D        | Reached skill level 10 in Axes
   570 | D        | Reached skill level 5 in Dodging
   570 | D        | Reached XP level 5. HP: 39/58 MP: 4/4
   570 | D        | Reached XP level 6. HP: 45/66 MP: 5/5
   734 | D        | Noticed Sigmund
   741 | D        | Killed Sigmund
   741 | D        | Reached skill level 10 in Fighting
   741 | D        | Reached skill level 11 in Axes
   751 | D        | Noticed a spriggan
   751 | D        | Noticed a manticore
   766 | D        | Killed a spriggan
   766 | D        | Reached skill level 12 in Axes
   766 | D        | Reached XP level 7. HP: 68/74 MP: 6/6
   777 | D        | Killed a manticore
   777 | D        | Reached skill level 13 in Axes
   805 | D        | Gained mutation: Armour fits poorly on your strangely
                  | shaped body. [potion of mutation]
   805 | D        | Gained mutation: You evolve. [potion of mutation]
   904 | D        | Noticed an orc sorcerer
   907 | D        | Noticed a chaos spawn
   909 | D        | Received a gift from Trog
   909 | D        | Reached XP level 8. HP: 83/83 MP: 7/7
   911 | D        | Killed an orc sorcerer
   911 | D        | Reached skill level 14 in Axes
   964 | D        | Noticed an air elemental
   964 | D        | Noticed a cyclops
   968 | D        | HP: 6/127 [cyclops (16)]
   970 | D        | Killed a cyclops
   970 | D        | Reached skill level 10 in Armour
   971 | D        | Slain by a warg

Illustrated notes

Levels and vault maps discovered:
D:        pitsprint [storerooms_1, entrance_room_1, metal_vault_8, armoury_3,
          mini_pit_1, grid_room_1, main_hall_1, silver_pit, the_coven_1,
          the_vestibule_1, steel_vault_4, golden_pit, hallway_of_sentries,
          crystal_vault_1, iron_vault_1, final_vault]

Skill      XL: |  1  2  3  4  5  6  7  8 |
---------------+-------------------------+-----
Fighting       | 5 6 9 11 12 13 | 13.1
Axes           | 5 7 10 12 13 14 | 14.5
Armour         | 3 6 7 9 10 | 10.2
Dodging        | 3 5 6 7 |  7.7
Stealth        | |  0.7

Action                   |  1- 3 |  4- 6 |  7- 9 || total
-------------------------+-------+-------+-------++-------
Melee: Hand axe          |    22 |    48 |    10 ||    80
       Headbutt          |     6 |     8 |     3 ||    17
       Broad axe         |       |       |     9 ||     9
Invok: Berserk           |     2 |     1 |     2 ||     5
  Use: Potion            |     1 |     1 |     1 ||     3
Armor: Animal skin       |     3 |       |       ||     3
       Chain mail        |     1 |    25 |    13 ||    39
Dodge: Dodged            |    20 |    17 |    14 ||    51

Table legend: (Time is in decaauts)
 A = Elapsed time spent in this place.
 B = Non-inter-level travel time spent in this place.
 C = Inter-level travel time spent in this place.
 D = Time resting spent in this place.
 E = Time spent auto-exploring this place.
 F = Levels seen in this place.
 G = Mean time per level.
                   A        B        C        D        E       F      G
               +--------+--------+--------+--------+--------+-----+--------+
         Total |    994 |    994 |      0 |    546 |      0 |   1 |  994.0 |
       Dungeon |    994 |    994 |      0 |    546 |      0 |   1 |  994.0 |
               +--------+--------+--------+--------+--------+-----+--------+

Top non-repeatable levels by time:
       D: 994 daAuts
